cohdb
Replays
Latest Replays
All Replays
Popular Replays
Top Player Replays
Match Explorer
How It Works
Community
CoH3 Stats
Reddit
Sign in to upload your games and track your stats! →
Sign in with Steam
Match 43477863
Unlisted
Match 43477863
Overview
Messages
Build Orders
End
Selects Italian Combined Arms Battlegroup
Selects Bersaglieri Squad
Bersaglieri Squad
Bersaglieri Squad
Construct Light Support Kompanie
Bersaglieri Squad
Fire Support Elements
Selects Bersaglieri Bolster
Veteran Squad Leaders
le.IG 18 Mechanized Group
2.5-tonne Medical Truck
le.IG 18 Support Gun Team
Selects Breda Model 30 Light Machine Guns
2.5-tonne Medical Truck
Construct Panzerarmee Kommand
Panzer III L Medium Tank
Selects Semovente da 75/18 Assault Gun
Rapid Advance
Emergency Repair Kits
NightArk
J.
Cat red fish
ttheadventure
Stratego
jhc0928d
0
0
Comments
sign in to comment!
No comments posted yet!